 Dungeon Crawl Stone Soup version 0.21-a0 (webtiles) character file.

877 ChaseSP the Basher (level 8, -2/46 HPs)
             Began as a Gargoyle Fighter on May 18, 2017.
             Slain by an ogre
             ... wielding a +0 giant club
              (8 damage)
             ... on level 5 of the Dungeon.
             The game lasted 00:13:54 (4610 turns).

ChaseSP the Basher (Gargoyle Fighter)               Turns: 4610, Time: 00:13:55

Health: -2/46      AC: 17    Str: 19    XL:     8   Next: 4%
Magic:  8/8        EV:  8    Int: 10    God:
Gold:   349        SH:  9    Dex: 11    Spells: 7/7 levels left

rFire    . . .     SeeInvis .   a - +0 flail
rCold    . . .     Gourm    .   c - +0 shield
rNeg     + . .     Faith    .   n - +0 chain mail
rPois    ∞         Spirit   .   m - +2 hat
rElec    +         Reflect  .   (no cloak)
rCorr    .         Harm     .   (no gloves)
MR       .....                  x - +0 pair of boots
Stlth    ..........             (no amulet)
Regen    0.2/turn               (no ring)
MPRegen  0.2/turn               r - +3 ring of evasion

@: no status effects
A: negative energy resistance 1, electricity resistance, unbreathing,
petrification resistance, rot immunity, AC +5
a: no special abilities


You were on level 5 of the Dungeon.
You were hungry.

You visited 2 branches of the dungeon, and saw 6 of its levels.
You also visited: Sewer.

You collected 349 gold pieces.

Inventory:

Hand Weapons
 a - a +0 flail (weapon)
Armour
 c - a +0 shield (worn)
 m - a +2 hat (worn)
 n - a +0 chain mail (worn)
 x - a +0 pair of boots (worn)
Jewellery
 r - a +3 ring of evasion (right hand)
Wands
 s - a wand of acid (9/15)
 w - a wand of flame (10/48)
Scrolls
 b - a scroll of fog {unknown}
 h - 5 scrolls of teleportation
 j - a scroll of enchant weapon {unknown}
 k - a scroll of recharging {unknown}
 p - 3 scrolls of identify
 v - a scroll of random uselessness {unknown}
 y - a scroll of remove curse
Potions
 d - 4 potions of might
 e - 2 potions of haste
 i - 2 potions of degeneration {unknown}
 l - 3 potions of curing
 q - a potion of brilliance {unknown}
 u - 3 potions of invisibility {unknown}
 z - a potion of flight
Comestibles
 f - 3 bread rations
 g - a meat ration
 o - 6 fruits
 t - 2 royal jellies


   Skills:
 - Level 3.2 Fighting
 * Level 8.5 Maces & Flails
 - Level 3.2 Armour
 + Level 4.7 Shields


You had 7 spell levels left.
You didn't know any spells.

Dungeon Overview and Level Annotations

Branches:
Dungeon (5/15)             Temple (1/1) D:5

Altars:
Ashenzari
Cheibriados
Dithmenos
Elyvilon
Fedhas
Gozag
Makhleb
Nemelex Xobeh
Qazlal
Ru
Sif Muna
Trog
Uskayaw
Vehumet
Wu Jian
Xom
Yredelemnul
Zin
The Shining One

Shops:
D:5 [


Innate Abilities, Weirdness & Mutations

You are resistant to torment.
Your stone body is resilient. (AC +5)
You are immune to poison.
You resist negative energy. (rN+)
You are resistant to electric shocks. (rElec)
You can survive without breathing.
You are immune to petrification.
You are immune to rotting.


Message History

You hit the ogre.
The ogre is heavily wounded.
You block the ogre's attack.
Your shield and chain mail prevent you from hitting the ogre.
The ogre is heavily wounded.
The ogre hits you with a giant club.
* * * LOW HITPOINT WARNING * * *
You hit the ogre but do no damage.
The ogre is heavily wounded.
The ogre closely misses you.
You hit the ogre.
The ogre is severely wounded.
You hit the ogre.
The ogre is severely wounded.
The ogre hits you with a giant club!
* * * LOW HITPOINT WARNING * * *
You hit the ogre.
The ogre is almost dead.
The ogre hits you with a giant club!
You die...

#.#######. ###.##...##.
#........### #........#
# # #........# #.#.#####
#.......####
.....(..#####...........
........................
.......@#####...........
.......O# #...........
........# ##..........
........# #..........
........# #..........
..####### #.......... .
##.####.... #. ###### #
#.....


You could see an ogre.

Vanquished Creatures
  2 howler monkeys (D:5)
  A crimson imp (D:5)
  A bullfrog zombie (D:5)
  A bullfrog skeleton (D:5)
  A hound (D:3)
  A jelly (D:5)
  A gnoll shaman (D:5)
  2 orc priests (D:4)
  5 orc wizards
  2 iguanas (D:5)
  5 worker ants
  3 gnolls (D:5)
  6 adders
  5 oozes
  An adder zombie (D:5)
  3 worms (Sewer)
  3 dart slugs
  5 leopard geckos
  12 orcs
  9 giant cockroaches
  14 goblins
  3 hobgoblins
  8 jackals
  A quokka (D:3)
  3 ball pythons
  11 bats
  8 frilled lizards
  8 kobolds
  9 rats
134 creatures vanquished.

Notes
Turn   | Place    | Note
-------+----------+-------------------------------------------
     0 | D:1      | ChaseSP the Gargoyle Fighter began the quest for the Orb.
     0 | D:1      | Reached XP level 1. HP: 14/14 MP: 1/1
   142 | D:1      | Reached XP level 2. HP: 19/19 MP: 2/2
   159 | D:1      | Upgraded the game from 0.20-a0-1126-g0f15420 to 0.21-a0
   555 | D:1      | Reached skill level 3 in Maces & Flails
   617 | D:1      | Reached XP level 3. HP: 23/23 MP: 3/3
   867 | D:2      | Found a burning altar of Makhleb.
   965 | D:2      | Reached XP level 4. HP: 19/28 MP: 4/4
  1618 | D:3      | Reached skill level 4 in Maces & Flails
  1959 | D:3      | Found a burning altar of Makhleb.
  1983 | D:3      | Reached XP level 5. HP: 23/32 MP: 5/5
  2154 | D:3      | Reached skill level 5 in Maces & Flails
  2168 | D:3      | Reached XP level 6. HP: 37/37 MP: 6/6
  2561 | D:4      | Reached skill level 6 in Maces & Flails
  2568 | D:4      | HP: 1/37 [orc priest/short sword of freezing (1)]
  3234 | D:4      | Found a sacrificial altar of Ru.
  3278 | D:5      | Entered Level 5 of the Dungeon
  3322 | D:5      | Found a glowing drain.
  3344 | D:5      | Reached skill level 7 in Maces & Flails
  3344 | D:5      | Reached XP level 7. HP: 39/41 MP: 7/7
  3534 | Sewer    | Entered a sewer
  3857 | Sewer    | Reached skill level 8 in Maces & Flails
  4271 | D:5      | Reached XP level 8. HP: 46/46 MP: 8/8
  4309 | D:5      | Found Wapo Jack's Armour Shop.
  4331 | D:5      | Found a staircase to the Ecumenical Temple.
  4341 | D:5      | Found a sparkling altar of Nemelex Xobeh.
  4349 | Temple   | Entered the Ecumenical Temple
  4610 | D:5      | Slain by an ogre

Vault maps used:
D:1:      nicolae_arrival_washed_ashore, grunt_decor_one_mirror
D:2:      lemuel_doored_altar
D:3:      makhleb_heckhound_becter
D:4:      kennysheep_mini
D:5:      nemelex_xobeh_ov_fountains_minmay, minmay_temple_entry_butterflies,
          serial_shops, nicolae_shop_trees, first_bread,
          cheibrodos_sewer_entry_drain
Temple:   eino_temple_rhombus
Sewer:    sewer_fruit_machine

Skill      XL: |  1  2  3  4  5  6  7 |
---------------+----------------------+-----
Maces & Flails | 3 4 5 7 8 |  8.5
Shields        | 4 |  4.7
Fighting       | |  3.2
Armour         | |  3.2

Action                   |  1- 3 |  4- 6 |  7- 9 || total
-------------------------+-------+-------+-------++-------
Melee: Flail             |   143 |   251 |   248 ||   642
  Use: Scroll            |     1 |     3 |     2 ||     6
       Potion            |       |     1 |     2 ||     3
  Eat: Chunk             |       |     8 |     5 ||    13
Armor: Scale mail        |    40 |       |       ||    40
       Chain mail        |    42 |   215 |   156 ||   413
Dodge: Dodged            |    36 |    63 |    88 ||   187
Block: Shield            |    90 |   153 |   132 ||   375
